 Dungeon Crawl Stone Soup version 0.29-a0-356-g7bc237e783 (webtiles) character file.

Game seed: 15178643927412744442

280 Agony the Ducker (level 6, -7/48 HPs)
             Began as a Merfolk Gladiator on Apr 26, 2022.
             Killed by divine providence
             ... invoked by an orc priest
              (13 damage)
             ... on level 4 of the Dungeon.
             The game lasted 00:08:49 (3520 turns).

Agony the Ducker (Merfolk Gladiator)                Turns: 3520, Time: 00:08:49

Health: -7/48      AC:  7    Str: 15    XL:     6   Next: 27%
Magic:  6/6        EV: 10    Int:  7    God:
Gold:   43         SH: 14    Dex: 17    Spells: 5/5 levels left

rFire   . . .      SeeInvis .   a - +1 trident
rCold   . . .      Faith    .   t - +3 tower shield
rNeg    . . .      Spirit   .   k - +3 leather armour {rPois}
rPois   +          Reflect  .   c - +0 helmet
rElec   .          Harm     .   (no cloak)
rCorr   .          Rampage  .   (no gloves)
Will    .....                   (no boots)
Stlth   +.........              (no amulet)
HPRegen 0.16/turn               (no ring)
MPRegen 0.10/turn               (no ring)

@: no status effects
A: (nimble swimmer 2), mertail
a: no special abilities


You were on level 4 of the Dungeon.
You visited 1 branch of the dungeon, and saw 4 of its levels.

You collected 168 gold pieces.
You spent 125 gold pieces at shops.

Inventory:

Hand Weapons
 a - a +1 trident (weapon)
Missiles
 d - 3 throwing nets (quivered)
 e - 4 javelins
Armour
 c - a +0 helmet (worn)
 k - a +3 leather armour of poison resistance (worn)
 t - a +3 tower shield (worn)
Scrolls
 b - a scroll of torment {unknown}
 f - 3 scrolls of teleportation
 g - a scroll of blinking
Potions
 h - 3 potions of cancellation
 j - 3 potions of curing {unknown}
 l - 2 potions of heal wounds {unknown}
 m - a potion of haste {unknown}
 q - 2 potions of lignification {unknown}
 r - a potion of brilliance {unknown}


   Skills:
 + Level 3.9 Fighting
 + Level 5.6 Polearms
 + Level 3.5 Throwing
 + Level 5.7 Dodging


You had 5 spell levels left.
You didn't know any spells.
Your spell library contained the following spells:

 Spells                   Type           Power      Damage    Failure   Level
 Apportation              Tloc           0%         N/A       100%        1
 Alistair's Intoxication  Tmut/Pois      0%         N/A       100%        5


Dungeon Overview and Level Annotations

Branches:
Dungeon (4/15)
 Temple: D:4-7

Altars:

Shops:
D:3 *

Annotations:
D:3 2 transporters


Innate Abilities, Weirdness & Mutations

((You are very nimble when in or above water. (Stealth+, EV+, Speed+++)))
Your lower body shifts to a powerful aquatic tail in water.


Message History

The orc priest is severely wounded.
The orc priest mumbles some strange prayers to Beogh against you.
Beogh smites you!
* * * LOW HITPOINT WARNING * * *
You hear some strange, mumbled words.
A puff of flame appears from out of thin air!
The puff of flame hits you.
* * * LOW HITPOINT WARNING * * *
Okay, then.
Blink to where?
Press: ? - help, Dir - move target, p - orc priest A quokka comes into view.
As you read the scroll of blinking, it crumbles to dust.
The quokka moves out of view.
As you read the scroll of summoning, it crumbles to dust.
Wisps of shadow whirl around you...
Your jackal closely misses the orc priest.
You swap places.
Your jackal closely misses the orc priest.
The orc priest mumbles some strange prayers to Beogh against you.
Your jackal writhes in agony.
Something barely misses your jackal. Something barely misses your jackal.
Something hits your jackal.
Your jackal dies!
Your jackal's corpse dissolves into shadows!
The quokka barely misses your jackal.
The orc priest closely misses your jackal.
The quokka closely misses your jackal.
Your jackal dissolves into shadows!
The quokka closely misses your jackal. The quokka closely misses your jackal.
Your jackal barely misses the quokka.
You swap places.
The quokka closely misses your jackal.
Your jackal bites the quokka but does no damage.
The orc priest looks braver for a moment.
Found a scroll labelled BOMPUN KACEKE.
You see here a scroll labelled BOMPUN KACEKE.
The orc priest mumbles some strange prayers to Beogh against you.
Beogh smites you!
You die...

### ###### ..##.....##
..........##
...........#
...........# #.
...........# #!
...........#############
##..
..†.......h.gS?.@.......
...
)...<.....o#############
#.. ....).....## #o##
..##......#####
#######..)
#########...h.##
#...o####. #####ro#####
#{##...... ##.o.r.#
#.{###....
#####.######.# #.##.
#..g.g##.# #.###


You could see an orc priest (ally target), a friendly jackal (summoned), a
friendly hobgoblin (summoned) and a friendly ball python (summoned).

Vanquished Creatures
  A necrophage (D:3)
  2 hounds
  Terence (D:3)
  4 adders
  8 worms
  A dart slug (D:1)
  3 orcs (D:4)
  4 endoplasms
  5 goblins
  6 hobgoblins
  11 jackals
  3 quokkas
  10 ball pythons
  3 bats
  A frilled lizard (D:2)
  3 kobolds (D:2)
  12 rats
  A spectral kobold (D:1)
79 creatures vanquished.

Notes
Turn   | Place    | Note
-------+----------+-------------------------------------------
     0 | D:1      | Agony the Merfolk Gladiator began the quest for the Orb.
     0 | D:1      | Reached XP level 1. HP: 16/16 MP: 1/1
    80 | D:1      | Found a faded altar of an unknown god.
   149 | D:1      | Reached XP level 2. HP: 21/23 MP: 2/2
   952 | D:2      | Reached XP level 3. HP: 20/28 MP: 3/3
  1476 | D:2      | Reached XP level 4. HP: 32/35 MP: 4/4
  2377 | D:3      | Reached skill level 5 in Polearms
  2377 | D:3      | Reached skill level 5 in Dodging
  2377 | D:3      | Reached XP level 5. HP: 33/41 MP: 5/5
  2498 | D:3      | Noticed a kobold demonologist
  2499 | D:3      | Found a transporter.
  2507 | D:3      | Found a transporter.
  2584 | D:3      | Found Qegeed's Assorted Antiques.
  2593 | D:3      | Bought a glowing leather armour for 125 gold pieces
  2820 | D:3      | Noticed Terence
  2836 | D:3      | Killed Terence
  2966 | D:3      | Reached XP level 6. HP: 45/48 MP: 6/6
  3488 | D:4      | HP: 1/48 [something/puff of flame (4)]
  3520 | D:4      | Killed from afar by an orc priest

Illustrated notes

Levels and vault maps discovered:
D:1:      heliophobic_arrival_dark_side_of_the_moon, layout_basic,
          dreamdust_ecumenical_altar_drowned_temple, supply_closet_lemuel
D:2:      minmay_chambers_of_twos, layout_loops_ring, kennysheep_generic_room_7
D:3:      gammafunk_wand_slinger, layout_loops_ring, serial_shops,
          nicolae_lakefront_shop, nicolae_wormholes, uniq_terence
D:4:      layout_rooms

Skill      XL: |  1  2  3  4 |
---------------+-------------+-----
Fighting       | 3 |  3.9
Polearms       | 5 |  5.6
Throwing       | 3 |  3.5
Dodging        | 5 |  5.7

Action                   |  1- 3 |  4- 6 || total
-------------------------+-------+-------++-------
Melee: Trident           |    98 |   181 ||   279
       Punch             |     1 |     1 ||     2
  Use: Scroll            |     4 |     9 ||    13
 Stab: Sleeping          |     2 |     2 ||     4
Armor: Leather armour    |    11 |    32 ||    43
Dodge: Dodged            |    40 |    74 ||   114
Block: Tower shield      |       |   105 ||   105

Table legend: (Time is in decaauts)
 A = Elapsed time spent in this place.
 B = Non-inter-level travel time spent in this place.
 C = Inter-level travel time spent in this place.
 D = Time resting spent in this place.
 E = Time spent auto-exploring this place.
 F = Levels seen in this place.
 G = Mean time per level.
                   A        B        C        D        E       F      G
               +--------+--------+--------+--------+--------+-----+--------+
         Total |   3584 |   3460 |    124 |    275 |   2466 |   4 |  896.0 |
       Dungeon |   3584 |   3460 |    124 |    275 |   2466 |   4 |  896.0 |
               +--------+--------+--------+--------+--------+-----+--------+

Top non-repeatable levels by time:
     D:2: 1400 daAuts
     D:3: 1074 daAuts
     D:1: 910 daAuts
     D:4: 199 daAuts
